 Dungeon Crawl Stone Soup version 0.16.0-11-gd45b091 (webtiles) character file.

5408 RobertPalmer the Covert (level 10, -9/60 HPs)
             Began as an Octopode Hunter on Mar 18, 2015.
             Was a Priest of Dithmenos.
             Mangled by a troll (10 damage)
             ... on level 9 of the Dungeon.
             The game lasted 00:36:18 (11022 turns).

RobertPalmer the Covert (Octopode Hunter)          Turns: 11022, Time: 00:36:19

Health: -9/60      AC:  1    Str: 12    XL:     10   Next: 67%
Magic:  10/10      EV: 13    Int: 14    God:    Dithmenos [***...]
Gold:   367        SH:  3    Dex: 15    Spells: 0 memorised, 9 levels left

rFire  . . .     SeeInvis .     a - +0 dagger (venom)
rCold  . . .     Clarity  .     l - +0 buckler
rNeg   . . .     SustAb   .     (helmet restricted)
rPois  .         Gourm    .     n - amulet of regeneration {+regen, !d}
rElec  .         Spirit   .     h - ring of flight {+Fly, !d}
rCorr  .         Warding  .     u - ring of wizardry {Wiz+, !d}
rMut   .         Stasis   .     (no ring)
MR     .....                    (no ring)
Stlth  +++++++++.               (no ring)
                                (no ring)
                                (no ring)
                                (no ring)

@: wreathed by umbra, not resistant to hostile enchantments, incredibly stealthy
A: almost no armour, amphibious, 8 rings, constrict 8, camouflage 1, gelatinous
body 1
a: Shadow Step, Renounce Religion, Evoke Flight


You were on level 9 of the Dungeon.
You worshipped Dithmenos.
Dithmenos was most pleased with you.
You were not hungry.

You visited 2 branches of the dungeon, and saw 10 of its levels.

You collected 619 gold pieces.
You spent 252 gold pieces at shops.

Inventory:

Hand weapons
 a - a +0 dagger of venom (weapon)
   (You took it off a goblin on level 8 of the Dungeon)
 b - a +2 hand crossbow
 w - a +0 blowgun
   (You took it off a kobold on level 3 of the Dungeon)
Missiles
 c - 15 bolts
 q - 12 steel bolts
 v - 7 poisoned needles
Armour
 l - a +0 buckler (worn)
   (You found it on level 6 of the Dungeon)
Jewellery
 h - a ring of flight (left tentacle) {+Fly, !d}
   (You found it on level 6 of the Dungeon)
 n - an amulet of regeneration (around mantle) {+regen, !d}
   (You found it on level 2 of the Dungeon)
 u - a ring of wizardry (right tentacle) {Wiz+, !d}
   (You took it off an orc on level 8 of the Dungeon)
Scrolls
 d - 7 scrolls of remove curse
 i - a scroll of enchant weapon
 k - a scroll of enchant armour
 r - 4 scrolls of identify
 t - a scroll of magic mapping {!r}
 x - a scroll of vulnerability {unknown}
Potions
 e - a potion of curing
 j - a potion of restore abilities {unknown}
 p - a potion of brilliance {unknown}
Books
 g - a book of Spatial Translocations
   (You found it on level 6 of the Dungeon)
Comestibles
 f - 5 bread rations {@e1}
 o - 10 fruits
 s - 4 meat rations {@e2}


   Skills:
 - Level 2.0 Fighting
 - Level 5.0 Short Blades
 - Level 10.9 Crossbows
 + Level 4.0 Dodging
 - Level 13.5 Stealth


You had 9 spell levels left.
You didn't know any spells.

Dungeon Overview and Level Annotations

Branches:
Dungeon (9/15)             Temple (1/1) D:5             Orc (0/4) D:9
   Lair: D:8-11

Altars:
Cheibriados
Dithmenos
Fedhas
Gozag
Makhleb
Nemelex Xobeh
Okawaru
Ru
Trog
Vehumet
Yredelemnul

Shops:
D:5 *?%

Annotations:
D:4 exclusion: Grinder, Grinder
D:7 Eustachio; heinrich's ghost, experienced OpIE
D:8 exclusion: 2 oklob saplings


Innate Abilities, Weirdness & Mutations

You cannot wear most types of armour.
You are amphibious.
You can wear up to eight rings at the same time.
You can use your tentacles to constrict many enemies at once.
Your skin changes colour to match your surroundings (Stealth).
Your rubbery body absorbs attacks (AC +1).


Message History

You regained 2 hp, and now have 45/60 hp.
q - 16 steel bolts (gained 1)
q - 17 steel bolts (gained 1)
e - 3 potions of curing (gained 1)
Things that are here:
a trident; a plate armour; an orc corpse You hear a distant slurping noise.
An orc wizard comes into view. It is wielding a dagger.
Health restored: 60 A jelly comes into view.
The jelly quivers.
You hit the active ballistomycete but do no damage.
You grab the active ballistomycete.
You constrict the active ballistomycete.
The orc shouts!
You hit the active ballistomycete.
You destroy the active ballistomycete!
You see here a bolt.
c - 15 bolts (gained 1)
The jelly closely misses you.
You barely miss the jelly. You squeeze the jelly. You block the jelly's attack.
You hit the jelly but do no damage. You squeeze the jelly. The jelly hits you.
You are splashed with acid!
The acid burns!
You take 17 damage, and have 43/60 hp.
MASSIVE DAMAGE!!
You completely miss the jelly. The jelly misses you.
You hit the jelly. You hit the jelly! The jelly hits you.
You are splashed with acid!
The acid burns!
The orc closely misses you.
You take 16 damage, and have 27/60 hp.
MASSIVE DAMAGE!!
You hit the jelly. The jelly barely misses you.
You hit the jelly!
You kill the jelly!
Dithmenos accepts your kill.
Your Dodging skill increases to level 4!
You block the orc's attack.
You hit the orc.
The orc is poisoned.
Your grab misses the orc. You squeeze the orc.
The orc hits you with a falchion.
You take 6 damage, and have 22/60 hp.
You hit the orc but do no damage.
The orc looks even sicker.
You grab the orc. You squeeze the orc.
You kill the orc!
Dithmenos accepts your kill.
x - a scroll labeled MUCAAP ISHRYA You start resting.
Health restored: 60 You start waiting.
You hear a distant slurping noise.
All of the chunks of flesh in your inventory have rotted away.
You hear a distant slurping noise. x3
Your +0 dagger of venom stops dripping with poison.
b - a +2 hand crossbow (weapon)
Aim: a troll (hasn't noticed you)
You shoot a steel bolt. The steel bolt hits the troll!!
Aim: a troll (heavily wounded)
You shoot a steel bolt. The steel bolt barely misses the troll.
Aim: a troll (heavily wounded)
You shoot a steel bolt. The steel bolt barely misses the troll.
Aim: a troll (heavily wounded)
You shoot a steel bolt.
The steel bolt closely misses the troll.
Aim: a troll (moderately wounded, umbra)
You shoot a steel bolt. The steel bolt hits the troll!
It begins to drip with poison!
a - a +0 dagger of venom (weapon)
The troll bites you! You block the troll's attack. The troll claws you.
You take 15 damage, and have 45/60 hp.
MASSIVE DAMAGE!!
You hit the troll. You squeeze the troll. You hit the troll but do no damage.
You block the troll's attack. The troll claws you. The troll barely misses you.
You take 1 damage, and have 44/60 hp.
You barely miss the troll. Your squeeze misses the troll. The troll bites you!!
The troll claws you!
* * * LOW HITPOINT WARNING * * *
The troll completely misses you.
You take 30 damage, and have 14/60 hp.
MASSIVE DAMAGE!!
You hit the troll but do no damage. You squeeze the troll!
The troll closely misses you. The troll barely misses you. The troll claws you!
* * * LOW HITPOINT WARNING * * *
You take 8 damage, and have 6/60 hp.
Unknown command.
Drink which item? (? for menu, Esc to quit)
You feel better. You block the troll's attack. The troll closely misses you.
The troll closely misses you.
You regained 11 hp, and now have 17/60 hp.
You hit the troll but do no damage.
The troll is poisoned.
The troll bites you.
* * * LOW HITPOINT WARNING * * *
The troll claws you!
* * * LOW HITPOINT WARNING * * *
The troll closely misses you.
You take 12 damage, and have 5/60 hp.
Unknown command.
Drink which item? (? for menu, Esc to quit)
You feel better. The troll closely misses you. The troll claws you!
* * * LOW HITPOINT WARNING * * *
The troll claws you!
You die...

######### #@......#
########.T.....# #.....##..(....#
#.....##.......#
##(....##.......#
#..รท.).##.....(.########## ####
#.###))##.....(...........
#.#.####.# #.....................
#..#..#.####.......)..>##########


You could see a troll.

Vanquished Creatures
  Pikel (D:5)
  An ugly thing (D:9)
  3 wandering mushrooms (D:8)
  2 orc warriors
  A water moccasin (D:7)
  3 phantoms
  An ice beast (D:6)
  A black bear (D:8)
  8 ogres
  3 sky beasts
  A wasp (D:9)
  2 centaurs
  2 slaves (D:4)
  Sigmund (D:4)
  2 big kobolds
  A gnoll sergeant (D:7)
  2 giant frogs
  2 scorpions
  A giant frog zombie (D:5)
  A wasp zombie (D:8)
  A goliath beetle (D:7)
  2 crimson imps
  A quasit (D:8)
  2 hounds
  4 orc priests
  A centaur skeleton (D:8)
  5 iguanas
  6 jellies
  4 orc wizards
  11 worker ants
  Ijyb (D:2)
  Jessica (D:3)
  A hound skeleton (D:7)
  6 gnolls
  8 adders
  A shadow imp (D:6)
  2 worms (D:3)
  3 giant geckos
  2 oozes
  24 orcs
  2 ball pythons
  10 bats
  A bat skeleton (D:5)
  A bat zombie (D:5)
  5 giant cockroaches
  17 hobgoblins
  16 jackals
  26 kobolds
  5 quokkas
  A giant cockroach zombie (D:6)
  A giant gecko skeleton (D:4)
  6 giant newts
  2 giant spores
  13 goblins
  A quokka skeleton (D:5)
  12 rats
  7 ballistomycetes
251 creatures vanquished.

Vanquished Creatures (others)
  A ballistomycete (D:9)
1 creature vanquished.

Grand Total: 252 creatures vanquished

Notes
Turn   | Place    | Note
--------------------------------------------------------------
     0 | D:1      | RobertPalmer, the Octopode Hunter, began the quest for the Orb.
     0 | D:1      | Reached XP level 1. HP: 14/14 MP: 1/1
   221 | D:1      | Reached skill level 2 in Stealth
   259 | D:1      | HP: 2/14 [kobold (4)]
   666 | D:1      | Reached XP level 2. HP: 10/19 MP: 2/2
   953 | D:1      | Reached skill level 3 in Stealth
  1348 | D:2      | Noticed Ijyb
  1362 | D:2      | Killed Ijyb
  1362 | D:2      | Reached skill level 4 in Stealth
  1362 | D:2      | Reached XP level 3. HP: 17/24 MP: 3/3
  1552 | D:2      | Reached skill level 5 in Stealth
  1558 | D:2      | Reached XP level 4. HP: 21/29 MP: 4/4
  2330 | D:3      | Reached skill level 6 in Stealth
  2765 | D:3      | Reached XP level 5. HP: 34/34 MP: 5/5
  2801 | D:3      | Noticed Jessica
  2811 | D:3      | Killed Jessica
  3026 | D:3      | Found a snail-covered altar of Cheibriados.
  3051 | D:3      | Reached skill level 7 in Stealth
  3423 | D:4      | Noticed Sigmund
  3424 | D:4      | Noticed Pikel
  3424 | D:4      | Noticed a slave
  3424 | D:4      | Noticed a slave
  3530 | D:4      | HP: 3/34 [something/puff of flame (6)]
  3564 | D:4      | HP: 5/34 [gnoll/flail (13)]
  3811 | D:4      | Reached skill level 8 in Stealth
  4022 | D:4      | Noticed an ogre
  4028 | D:4      | Killed an ogre
  4028 | D:4      | Reached XP level 6. HP: 39/39 MP: 6/6
  4066 | D:4      | Reached skill level 9 in Stealth
  4188 | D:4      | Noticed a slave
  4283 | D:4      | Killed a slave
  4399 | D:4      | Noticed a slave
  4745 | D:4      | Noticed Grinder
  4786 | D:5      | Entered Level 5 of the Dungeon
  4974 | D:5      | Reached skill level 10 in Stealth
  4974 | D:5      | Reached XP level 7. HP: 45/45 MP: 7/7
  5012 | D:5      | Found a staircase to the Ecumenical Temple.
  5014 | D:5      | Reached skill level 1 in Short Blades
  5029 | Temple   | Entered the Ecumenical Temple
  5047 | Temple   | Became a worshipper of Dithmenos the Shadowed
  5093 | D:5      | Reached skill level 2 in Short Blades
  5190 | D:5      | Reached skill level 3 in Short Blades
  5449 | D:5      | Found Paunu's Magic Scroll Boutique.
  5451 | D:5      | Bought a scroll of identify for 24 gold pieces
  5451 | D:5      | Bought a scroll of identify for 24 gold pieces
  5451 | D:5      | Bought a scroll of magic mapping for 42 gold pieces
  5451 | D:5      | Bought a scroll of summoning for 114 gold pieces
  5485 | D:5      | Reached skill level 4 in Short Blades
  5530 | D:5      | Found Schuximo's General Store.
  5533 | D:5      | Bought a potion of agility for 48 gold pieces
  5911 | D:5      | Reached XP level 8. HP: 50/50 MP: 8/8
  6051 | D:4      | Killed Sigmund
  6051 | D:4      | Reached skill level 5 in Short Blades
  6242 | D:4      | Killed a slave
  6362 | D:5      | Found a burning altar of Makhleb.
  6362 | D:5      | Noticed a balrug
  6423 | D:5      | Found Xoorgh's Food Emporium.
  6747 | D:6      | Reached skill level 5 in Crossbows
  7070 | D:5      | Killed Pikel
  7070 | D:5      | Reached skill level 7 in Crossbows
  7070 | D:5      | Reached XP level 9. HP: 54/54 MP: 9/9
  7181 | D:5      | Reached skill level 8 in Crossbows
  7855 | D:7      | Reached skill level 9 in Crossbows
  7931 | D:7      | Noticed Eustachio
  8288 | D:7      | Noticed heinrich's ghost (experienced OpIE)
  8383 | D:7      | Reached skill level 11 in Stealth
  8450 | D:7      | Acquired Dithmenos' first power
  8657 | D:8      | Noticed a wandering mushroom
  8657 | D:8      | Noticed a wandering mushroom
  8659 | D:8      | Noticed a wandering mushroom
  8662 | D:8      | Killed a wandering mushroom
  8662 | D:8      | Reached skill level 12 in Stealth
  8671 | D:8      | Killed a wandering mushroom
  8671 | D:8      | Reached skill level 13 in Stealth
  8671 | D:8      | Reached XP level 10. HP: 60/60 MP: 10/10
  8682 | D:8      | Killed a wandering mushroom
  8687 | D:8      | Noticed a wandering mushroom
  8689 | D:8      | Found a blossoming altar of Fedhas.
  8949 | D:8      | Found a bloodstained altar of Trog.
  9467 | D:7      | Found a burning altar of Makhleb.
  9646 | D:8      | Reached skill level 10 in Crossbows
  9728 | D:8      | HP: 7/60 [ogre/giant spiked club (30)]
 10131 | D:9      | Noticed a white ugly thing
 10138 | D:9      | Killed a white ugly thing
 10190 | D:9      | Identified a scroll of acquirement
 10321 | D:9      | Reached skill level 3 in Dodging
 10330 | D:9      | Found a staircase to the Orcish Mines.
 10712 | D:9      | Acquired Dithmenos' second power
 10852 | D:9      | Reached skill level 4 in Dodging
 11018 | D:9      | HP: 14/60 [troll (10)]
 11019 | D:9      | HP: 6/60 [troll (9)]
 11022 | D:9      | HP: 1/60 [troll (15)]
 11022 | D:9      | Mangled by a troll

Action                   |  1- 3 |  4- 6 |  7- 9 | 10-12 || total
-------------------------+-------+-------+-------+-------++-------
Melee: Short sword       |    43 |   113 |   167 |    97 ||   420
       Dagger            |       |       |       |    52 ||    52
 Fire: Hand crossbow     |     9 |    54 |   122 |    62 ||   247
       Blowgun           |       |    12 |     5 |       ||    17
Throw: Throwing net      |       |     1 |       |       ||     1
  Use: Potion            |       |     6 |     2 |     4 ||    12
       Scroll            |       |     6 |    10 |     3 ||    19
 Stab: Sleeping          |     4 |    14 |    22 |     4 ||    44
       Distracted        |       |       |     1 |     2 ||     3
  Eat: Chunk             |     2 |     9 |    13 |     5 ||    29
       Beef jerky        |       |     1 |       |       ||     1
       Royal jelly       |       |       |     1 |     1 ||     2
       Bread ration      |       |       |       |     1 ||     1

Vault maps used:
D:1:      matt_arrival_spirals
D:2:      grunt_decor_clamped, minivault_14, hangedman_feature_mirror, uniq_iyjb
D:3:      lemuel_round_altar, st_stairs_5, uniq_jessica
D:4:      first_bread, minmay_misc_feat_diagonals, kennysheep_cross_bottleneck,
          minmay_crystal_room, cheibrodos_gnoll_hut, uniq_sigmund, uniq_grinder,
          uniq_pikel
D:5:      minmay_temple_entry_crystal_x, serial_shops, shop,
          kennysheep_mini_moat, shop, makhleb_altar_promises_db
D:7:      nicolae_overflow_hidden_temple, uniq_eustachio
D:8:      lightli_temple_of_fire, hangedman_tree_tricks
D:9:      corexii_shack_village, erik_orc_3, nicolae_ru_the_path_less_chosen
Temple:   circular_temple_12

Table legend:
 A = Turns spent in this place as a percentage of turns spent in the entire game.
 B = Non-inter-level travel turns spent in this place as a percentage of non-inter-level travel turns spent in the entire game.
 C = Inter-level travel turns spent in this place as a percentage of turns spent in this place.
 D = Turns resting spent in this place as a percentage of non-inter-level travel turns spent in this place.
 E = Turns spent auto-exploring this place as a percentage of non-inter-level travel turns spent in this place.
 F = Non-inter-level travel turns spent in this place divided by the number of levels of this place that you've seen.
                   A       B       C       D       E      F
               +-------+-------+-------+-------+-------+----------------------
         Total | 100.0 | 100.0 |   0.4 |   1.7 |   4.3 | 482.1
       Dungeon |  99.3 |  99.3 |   0.4 |   1.8 |   4.3 | 532.0
        Temple |   0.7 |   0.7 |   0.0 |   0.0 |   0.0 |  33.0
               +-------+-------+-------+-------+-------+----------------------

Table legend:
 A = Kills in this place as a percentage of kills in entire the game.
 B = Kills by you in this place as a percentage of kills by you in the entire game.
 C = Kills by friends in this place as a percentage of kills by friends in the entire game.
 D = Other kills in this place as a percentage of other kills in the entire game.
 E = Experience gained in this place as a percentage of experience gained in the entire game.
 F = Experience gained in this place divided by the number of levels of this place that you have seen.
                   A       B       C       D       E      F
               +-------+-------+-------+-------+-------+----------------------
         Total | 100.0 | 100.0 |  -nan |  -nan | 100.0 | 772.6
       Dungeon | 100.0 | 100.0 |  -nan |  -nan | 100.0 | 858.4
               +-------+-------+-------+-------+-------+----------------------
